AoeStats
← Irving Legend

Acropolis

503600506Analyzed
1v1 RM · 1mo ago on Sep 1, 2026· 34m 16s· 2 players
Game mode
Random Map
Map size
Tiny (2 player)
Population
200
Speed
Normal
Resources
Standard
Victory
Conquest
Starting age
Dark Age
Ending age
Imperial Age
RankedLock teamsTeams togetherTeam positionsShared explorationLock speedFull tech treeHidden civsTurbo modeCheats
Victory
Defeat
🇨🇦 Romans · Canada
1169
+18
🇦🇷 Lithuanians · Argentina
1202
-18
Irving Legend
6:19 Loom
9:33 Feudal Age
9:52 Man-at-Arms
10:19 Double-Bit Axe
17:21 Wheelbarrow
21:49 Castle Age
20:32 Gold Mining
20:23 Horse Collar
22:01 Scale Barding Armor
22:08 Forging
22:40 Bloodlines
30:39 Chain Barding Armor
31:26 Pikeman
32:08 Scale Mail Armor
32:44 Iron Casting
1000ei
8:56 Feudal Age
7:35 Loom
10:39 Double-Bit Axe
18:25 Fletching
19:40 Padded Archer Armor
24:53 Castle Age
23:06 Gold Mining
23:50 Bloodlines
25:12 Scale Barding Armor
25:17 Forging
25:32 Bodkin Arrow
26:36 Pikeman
28:03 Town Watch
30:53 Stone Mining
31:49 Chain Barding Armor
31:40 Forging
Connection lost

Rejoining the realm…

Still unreachable

The connection could not be restored.

Session expired

The server has moved on; the page needs a fresh start.